Map: Cactus Valley LE (Void)

Players

picrin

  • Race: Protoss Protoss
  • League: Silver
  • Spawn Location: 11:00

LeoMetal - Winner!

  • Race: Terran Terran
  • League: Silver
  • Spawn Location: 5:00

VOD

Have the link to the VOD?

Description

Protoss player goes for a cheeky cannon rush in his opponents natural. Terran player techs up and wins the game almost without mining after his main mines out.

Time

  • Played on: April 29, 2017, 5:09 a.m.
  • Length: 23:32
Show
View Real Time Build Order
Export as new Build Order

picrin Protoss 

Build Orders:  

Get SALT Encoding   

  12  0:01  Probe (Chrono Boost)  
  13  0:12  Probe (Chrono Boost)  
  14  0:22  Probe (Chrono Boost), Pylon  
  15  0:40  Probe (Chrono Boost)  
  16  0:47  Gateway  
  16  0:51  Probe (Chrono Boost)  
  16  0:54  Assimilator  
  17  0:58  Pylon  
  17  1:02  Probe (Chrono Boost)  
  18  1:12  Probe (Chrono Boost)  
  19  1:23  Probe (Chrono Boost)  
  20  1:27  Gateway  
  20  1:37  Cybernetics Core  
  20  1:41  Probe (Chrono Boost)  
  21  1:52  Probe (Chrono Boost)  
  21  2:03  Assimilator  
  21  2:08  Probe (Chrono Boost)  
  22  2:19  Mothership Core (Chrono Boost)  
  24  2:25  Nexus  
  24  2:30  Adept  
  24  2:32  Adept  
  28  2:50  Pylon  
  27  2:58  Forge  
  27  3:03  Probe (Chrono Boost)  
  28  3:19  Probe (Chrono Boost)  
  24  3:31  Probe (Chrono Boost)  
  24  3:37  Adept  
  24  3:38  Adept  
  24  3:40  Warp Gate  
  28  3:43  Probe (Chrono Boost)  
  28  3:47  Assimilator  
  29  3:53  Probe (Chrono Boost)  
  30  3:56  Probe (Chrono Boost)  
  31  4:04  Probe (Chrono Boost), Adept  
  31  4:07  Probe (Chrono Boost)  
  35  4:14  Photon Cannon, Probe (Chrono Boost)  
  36  4:27  Probe x2 (Chrono Boost)  
  38  4:36  Photon Cannon  
  38  4:37  Probe (Chrono Boost)  
  38  4:38  Probe (Chrono Boost)  
  40  4:47  Protoss Ground Weapons Level 1  
  40  4:55  Photon Cannon  
  40  5:05  Probe x2 (Chrono Boost)  
  42  5:13  Gateway  
  42  5:15  Gateway, Probe (Chrono Boost)  
  43  6:05  Adept x2  
  43  6:08  Probe x2 (Chrono Boost)  
  49  6:18  Probe (Chrono Boost)  
  49  6:19  Pylon, Probe (Chrono Boost)  
  49  6:23  Pylon  
  51  6:29  Pylon  
  51  6:34  Pylon  
  51  6:39  Pylon  
  51  6:40  Gateway  
  51  6:45  Gateway  
  51  6:46  Gateway, Pylon  
  51  6:48  Adept  
  51  6:49  Adept x2  
  51  6:50  Pylon  
  57  6:54  Gateway  
  57  6:57  Pylon  
  57  7:15  Stalker  
  59  7:16  Stalker x2  
  59  7:22  Robotics Facility  
  63  7:30  Photon Cannon  
  63  7:37  Stalker  
  65  7:52  Pylon  
  65  7:54  Gateway  
  65  7:56  Gateway  
  65  7:58  Gateway  
  65  7:59  Stalker  
  65  8:00  Stalker  
  69  8:11  Pylon  
  69  8:15  Pylon  
  69  8:20  Stalker  
  69  8:21  Stalker  
  73  8:28  Warp Prism  
  75  8:55  Stalker  
  70  8:56  Stalker x2  
  70  8:57  Stalker x2  
  72  9:22  Stalker  
  72  9:23  Stalker x2  
  78  9:38  Pylon  
  78  9:57  Twilight Council  
  78  10:01  Nexus  
  78  10:12  Stalker x2  
  82  10:25  Stalker x2  
  74  11:10  Mothership Core (Chrono Boost)  
  76  11:14  Stalker  
  76  11:15  Pylon x2, Stalker x2  
  76  11:16  Pylon, Stalker x2  
  86  11:24  Probe (Chrono Boost)  
  87  11:32  Assimilator  
  87  11:34  Probe (Chrono Boost)  
  88  11:45  Probe (Chrono Boost)  
  89  12:00  Stalker x2  
  89  12:01  Stalker x2  
  97  12:21  Stalker x2  
  97  12:22  Stalker  
  87  12:39  Probe (Chrono Boost)  
  88  12:45  Immortal  
  88  12:50  Pylon, Probe (Chrono Boost)  
  93  13:00  Probe (Chrono Boost)  
  92  13:06  Zealot x2  
  92  13:07  Zealot x3  
  92  13:11  Probe (Chrono Boost)  
  103  13:21  Probe (Chrono Boost)  
  104  13:32  Probe (Chrono Boost)  
  105  13:41  Stalker x2  
  105  13:42  Probe (Chrono Boost), Stalker  
  112  13:50  Immortal  
  112  13:53  Probe (Chrono Boost)  
  117  13:57  Probe (Chrono Boost)  
  117  13:59  Probe (Chrono Boost)  
  119  14:03  Probe (Chrono Boost)  
  119  14:08  Stalker  
  122  14:36  Stalker  
  122  14:37  Stalker x3  
  111  14:51  Stalker x2  
  111  14:52  Stalker  
  84  15:30  Stalker  
  84  15:31  Stalker x2  
  84  15:33  Stalker  
  61  16:00  Probe (Chrono Boost)  
  62  16:06  Stalker  
  62  16:07  Adept  
  62  16:08  Adept  
  62  16:10  Probe (Chrono Boost)  
  62  16:21  Probe (Chrono Boost)  
  62  16:33  Mothership Core (Chrono Boost)  
  62  17:01  Pylon  
  62  17:04  Pylon  
  62  17:08  Pylon  
  62  17:16  Nexus  
  62  17:40  Assimilator  
  62  17:43  Assimilator  
  62  17:52  Assimilator  
  62  17:56  Assimilator  
  62  17:59  Gateway  
  62  18:02  Gateway  
  41  18:20  Probe (Chrono Boost)  
  41  18:30  Probe (Chrono Boost)  
  42  18:41  Probe (Chrono Boost)  
  43  18:48  Cybernetics Core  
  43  18:53  Probe (Chrono Boost)  
  44  18:58  Pylon  
  44  19:01  Pylon  
  40  19:19  Pylon  
  40  19:32  Gateway  
  40  19:34  Probe (Chrono Boost)  
  41  19:45  Probe (Chrono Boost)  
  42  19:57  Gateway  
  42  20:05  Cybernetics Core  
  42  20:10  Mothership Core (Chrono Boost)  
  44  20:42  Stalker  
  46  20:55  Nexus  
  46  21:09  Pylon  
  44  21:39  Stargate  
  44  21:46  Assimilator  
  44  21:48  Stalker  
  44  21:50  Adept  
  44  21:51  Assimilator  
  48  21:59  Gateway  
  48  22:00  Gateway  
  41  22:23  Stalker  
  41  22:24  Stalker  
  45  22:55  Forge  
  45  23:01  Adept  
  45  23:02  Adept  
  45  23:05  Probe (Chrono Boost)  
Show
View Real Time Build Order
Export as new Build Order

LeoMetal Terran - Winner!

Build Orders: MMM Bio 

Get SALT Encoding   

  12  0:01  SCV  
  13  0:13  SCV  
  14  0:23  Supply Depot  
  14  0:25  SCV  
  15  0:31  Refinery  
  15  0:45  SCV  
  15  0:48  Barracks  
  16  0:57  SCV  
  17  1:07  Barracks  
  17  1:11  SCV  
  18  1:22  Supply Depot  
  18  1:25  SCV  
  19  1:37  SCV  
  19  1:38  Reaper  
  21  1:43  Refinery  
  21  1:54  Reaper  
  21  2:00  Engineering Bay  
  21  2:10  Reaper  
  21  2:14  Orbital Command  
  22  2:26  Reaper  
  23  2:42  Reaper, SCV  
  25  2:56  SCV  
  26  3:01  Barracks  
  26  3:03  Factory  
  26  3:08  SCV  
  26  3:10  Barracks Reactor  
  25  3:34  Barracks Tech Lab  
  23  3:36  Terran Infantry Weapons Level 1  
  23  3:40  SCV  
  24  3:42  Barracks  
  24  3:51  Command Center  
  24  3:53  SCV  
  24  3:55  Factory Reactor  
  25  3:58  Barracks Reactor  
  25  4:01  Marine  
  26  4:03  Marine  
  26  4:08  Stimpack  
  27  4:12  SCV  
  28  4:19  Marine  
  29  4:29  Barracks Tech Lab  
  29  4:30  SCV  
  30  4:36  Starport  
  30  4:48  Refinery  
  28  5:04  Siege Tank  
  28  5:06  SCV  
  32  5:18  SCV  
  32  5:19  Marine  
  32  5:20  Marine  
  35  5:21  Marine x2  
  35  5:26  Marine x2  
  38  5:51  Marine x2  
  38  5:52  Starport Reactor  
  38  5:53  Siege Tank  
  43  5:59  Terran Infantry Armor Level 1  
  43  6:02  Armory  
  43  6:03  SCV  
  44  6:05  Marine x2  
  46  6:12  Starport  
  46  6:28  Orbital Command  
  46  6:38  Supply Depot  
  46  6:41  Supply Depot  
  46  6:42  Combat Shields  
  46  6:44  Supply Depot  
  46  6:46  Supply Depot  
  46  6:59  Marine x4  
  46  7:00  SCV  
  51  7:01  Supply Depot  
  51  7:05  Supply Depot  
  51  7:13  Marine  
  51  7:14  Marine  
  51  7:15  Viking x2, Starport Reactor  
  57  7:33  Siege Tank  
  57  7:35  Marine x2  
  62  7:41  SCV  
  63  7:53  SCV  
  63  7:56  Marine x2  
  63  7:57  Medivac  
  68  8:06  SCV  
  69  8:16  Refinery  
  69  8:18  SCV  
  69  8:19  Refinery  
  70  8:25  Marine  
  71  8:29  Marine x2  
  71  8:30  Terran Infantry Weapons Level 2  
  73  9:07  Marine x2  
  73  9:08  Marine x2  
  73  9:09  Medivac x2  
  77  9:18  Marine x2  
  77  9:34  Missile Turret  
  77  9:35  Missile Turret  
  75  9:48  Marine x4  
  79  9:55  Marine  
  80  10:20  Marine x2  
  80  10:21  Marine  
  64  11:04  Orbital Command  
  57  11:37  Marine  
  57  11:38  Marine x5  
  63  11:40  Terran Infantry Weapons Level 3  
  63  12:26  Refinery  
  63  12:29  Refinery  
  63  12:31  Marine, Medivac x2  
  63  12:32  Marine x2  
  63  12:36  Marine x2  
  72  12:40  Marine x2  
  72  12:42  Medivac x2  
  78  12:49  Marine x2  
  78  12:50  Marine  
  78  13:27  Marine x6  
  76  13:28  Marine  
  79  13:44  Marine  
  79  13:45  Marine x3  
  59  16:03  Orbital Command  
  54  19:09  Marine x4  
  56  19:10  Marine x3  
  61  19:27  Marine x5  
  61  19:28  Marine  
  67  19:34  Marine  
  68  19:45  Marine x2  
  70  19:58  Marine  
  70  19:59  Marine x3  
  68  22:13  Orbital Command  
Tags
 
Add a new tag
Caveats
  • Supply blocks, unpowered buildings, or Contaminate may cause inaccurate times.
  • Supply counts are checked every 10 seconds.